 Dungeon Crawl Stone Soup version 0.25-a0-425-g0e000e855e (webtiles) character file.

Game seed: 12185963626550429196, levelgen mode: deterministic

3809 BeastOfSaturn the Ogre Mage (level 10, 0/96 HPs)
             Began as an Ogre Air Elementalist on Jan 23, 2020.
             Was a Follower of Qazlal.
             Slain by Grum
             ... wielding a +1 spear
              (16 damage)
             ... on level 8 of the Dungeon on Jan 24, 2020.
             The game lasted 00:56:00 (13790 turns).

BeastOfSaturn the Ogre Mage (OgAE)                 Turns: 13790, Time: 00:56:00

Health: 0/96       AC:  3    Str: 17    XL:     10   Next: 17%
Magic:  0/21       EV: 12    Int: 21    God:    Qazlal [*.....]
Gold:   301        SH:  1    Dex:  9    Spells: 5/24 levels left

rFire    + . .     SeeInvis .   j - +0 quarterstaff "Beast's Undoing" {vorpal, *Contam rF+ rC+ Int+5}
rCold    + . .     Gourm    +   (shield currently unavailable)
rNeg     . . .     Faith    .   a - +0 robe
rPois    .         Spirit   .   (helmet restricted)
rElec    .         Reflect  .   (no cloak)
rCorr    .         Harm     .   (gloves unavailable)
MR       +....                  (boots unavailable)
Stlth    +++.......             q - amulet of the gourmand
HPRegen  0.26/turn              w - ring of stealth
MPRegen  0.17/turn              (no ring)

@: swift, very slightly contaminated, quick
A: large, unfitting armour, tough skin 1
a: Renounce Religion


You were on level 8 of the Dungeon.
You worshipped Qazlal.
Qazlal was aware of your devotion.
You were very full.

You visited 2 branches of the dungeon, and saw 9 of its levels.

You collected 315 gold pieces.
You spent 14 gold pieces at shops.

Inventory:

Hand Weapons
 j - the +0 quarterstaff "Beast's Undoing" (weapon) {vorpal, *Contam rF+ rC+ Int+5}
   (You found it on level 4 of the Dungeon)

   It inflicts extra damage upon your enemies.
   It affects your intelligence (+5).
   It protects you from fire.
   It protects you from cold.
   It causes magical contamination when unequipped.
 v - a +1 spear of freezing
 E - a +1 whip of flaming
 H - a +0 broad axe of venom
Armour
 a - a +0 robe (worn)
Jewellery
 q - an amulet of the gourmand (around neck)
 w - a ring of stealth (left hand)
Wands
 c - a wand of flame (13)
 m - a wand of random effects (15)
 n - a wand of enslavement (9)
 I - a wand of digging (3)
 J - a wand of paralysis (11)
 K - a wand of acid (7)
Scrolls
 b - a scroll of enchant weapon {unknown}
 e - 7 scrolls of identify
 f - 3 scrolls of remove curse
 g - 3 scrolls of magic mapping
 h - 9 scrolls of teleportation {unknown}
 k - 3 scrolls of fear {unknown}
 l - a scroll of immolation {unknown}
 p - a scroll of random uselessness {unknown}
 r - 2 scrolls of amnesia {unknown}
 x - 2 scrolls of noise
 y - 2 scrolls of fog {unknown}
 B - 2 scrolls of enchant armour {unknown}
 L - 2 scrolls of brand weapon
 M - a scroll of vulnerability {unknown}
Potions
 d - 2 potions of berserk rage {unknown}
 o - 2 potions of cancellation {unknown}
 s - a potion of might {unknown}
 t - a potion of heal wounds {unknown}
 u - 4 potions of haste {unknown}
 z - a potion of ambrosia {unknown}
 A - a potion of degeneration {unknown}
 C - a potion of agility
 D - a potion of mutation {unknown}
 F - a potion of lignification
 G - a potion of flight {unknown}
Comestibles
 i - 7 rations


   Skills:
 + Level 5.3 Fighting
   Level 0.2 Long Blades
 + Level 1.4(1.8) Axes
 + Level 1.3(3.1) Maces & Flails
 + Level 4.5(4.7) Staves
 * Level 6.4 Dodging
 - Level 2.0 Stealth
 + Level 7.5 Spellcasting
 + Level 4.8 Conjurations
 + Level 0.8 Charms
 + Level 0.1 Fire Magic
 + Level 6.0 Air Magic


You had 5 spell levels left.
You knew the following spells:

 Your Spells              Type           Power        Failure   Level  Hunger
a - Shock                 Conj/Air       ####         1%          1    None
b - Swiftness             Chrm/Air       ###.....     3%          2    None
c - Static Discharge      Conj/Air       ####....     2%          3    None
d - Searing Ray           Conj           ####..       1%          2    None
e - Conjure Flame         Conj/Fire      ###.....     9%          3    None
f - Mephitic Cloud        Conj/Pois/Air  ###.....     5%          3    None
g - Lightning Bolt        Conj/Air       ####......   24%         5    #####..

Your spell library contained the following spells:

 Spells                   Type           Power        Failure   Level  Hunger
 Magic Dart               Conj           ####         1%          1    None
 Airstrike                Air            ####......   7%          4    ###....
 Corona                   Hex            #......      9%          1    None
 Dazzling Flash           Conj/Hex       ###...       10%         3    None
 Blink                    Tloc           N/A          13%         2    None
 Call Imp                 Summ           #.......     13%         2    None
 Ensorcelled Hibernation  Hex/Ice        #.....       13%         2    None
 Slow                     Hex            #.......     13%         2    None
 Confusing Touch          Hex            #.......     26%         3    None
 Tukima's Dance           Hex            #.......     26%         3    None
 Fulminant Prism          Conj/Hex       ###.......   30%         4    ###....
 Iskenderun's Mystic Bla  Conj/Tloc      ###.....     30%         4    ###....


Dungeon Overview and Level Annotations

Branches:
Dungeon (8/15)             Temple (1/1) D:6            Lair (0/6) D:8

Altars:
Ashenzari
Cheibriados
Dithmenos
Elyvilon
Fedhas
Gozag
Kikubaaqudgha
Makhleb
Nemelex Xobeh
Okawaru
Qazlal
Ru
Sif Muna
Trog
Uskayaw
Wu Jian
Xom
Yredelemnul
Zin
The Shining One

Shops:
D:6 (

Annotations:
D:8 Grum


Innate Abilities, Weirdness & Mutations

You are too large for most types of armour.
You have tough skin. (AC +1)


Message History

The stinking cloud engulfs Grum but does no damage.
The wolf barely misses you. The wolf bites you.
* * * LOW HITPOINT WARNING * * *
Grum barely misses you. The wolf barely misses you. The wolf barely misses you.
The wolf bites you but does no damage. The wolf barely misses you.
Casting: Mephitic Cloud (safe; 5% risk of failure)
Confirm with . or Enter, or press ? or * to list all spells.
Okay, then.
The wolf misses you. The wolf bites you.
* * * LOW HITPOINT WARNING * * *
The wolf barely misses you.
Casting: Mephitic Cloud (safe; 5% risk of failure)
Confirm with . or Enter, or press ? or * to list all spells.
You feel quick. The wolf bites you but does no damage.
Grum hits you from afar with a +1 spear!
You die...

#..# ####..# ......##
.......## # ####....###
######## # ####...##
###..#.... ###..##
#######......###
##..######...zz.......#
###....@hgz#####.....#
##...##### #......#
#..## #......# ##.#
#......# #.# ##.....#
#......# #.....#
#.......# ###..##
#........ #...(...).#


You could see Grum, a wolf and 3 wights.

Vanquished Creatures
  Pikel (D:5)
  Psyche (D:8)
  A komodo dragon (D:8)
  A hippogriff (D:8)
  Eustachio (D:5)
  Sigmund (D:5)
  A water moccasin (D:7)
  A sky beast (D:6)
  2 ice beasts (D:5)
  A necrophage (D:8)
  3 ogres
  A slave (D:5)
  A wolf (D:8)
  A centaur (D:6)
  A big kobold (D:8)
  4 bullfrogs
  2 scorpions
  4 wights (D:8)
  A howler monkey (D:5)
  A crimson imp (D:2)
  A quasit (D:7)
  5 orc priests
  A jelly (D:8)
  A bullfrog skeleton (D:6)
  5 hounds
  An iguana (D:6)
  3 orc wizards
  3 worker ants
  A hound skeleton (D:5)
  3 gnolls (D:6)
  12 adders
  2 shadow imps (D:5)
  An adder skeleton (D:7)
  3 worms
  3 leopard geckos
  17 orcs
  5 bats
  7 giant cockroaches
  12 goblins
  8 hobgoblins
  12 jackals
  2 ball pythons
  3 frilled lizards
  12 kobolds
  2 leopard gecko zombies
  6 rats
161 creatures vanquished.

Vanquished Creatures (others)
  A leopard gecko (D:5)
  A giant cockroach (D:5)
  3 plants (D:8)
5 creatures vanquished.

Grand Total: 166 creatures vanquished

Notes
Turn   | Place    | Note
-------+----------+-------------------------------------------
     0 | D:1      | BeastOfSaturn the Ogre Air Elementalist began the quest for
                  | the Orb.
     0 | D:1      | Reached XP level 1. HP: 16/16 MP: 3/3
   724 | D:1      | Reached XP level 2. HP: 24/24 MP: 5/5
   826 | D:1      | Learned a level 2 spell: Swiftness
   879 | D:1      | Reached skill level 1 in Conjurations
  1655 | D:1      | Reached XP level 3. HP: 32/32 MP: 4/7
  1753 | D:1      | Learned a level 3 spell: Static Discharge
  2089 | D:2      | Reached skill level 3 in Spellcasting
  2621 | D:2      | Reached skill level 1 in Fighting
  2621 | D:2      | Reached XP level 4. HP: 37/41 MP: 0/8
  3509 | D:2      | Reached XP level 5. HP: 12/48 MP: 0/10
  3783 | D:3      | Reached skill level 1 in Maces & Flails
  4688 | D:3      | HP: 2/49 [orc priest/nerve-wracking pain (12)]
  4983 | D:3      | Reached XP level 6. HP: 43/57 MP: 1/11
  5845 | D:3      | Reached skill level 4 in Spellcasting
  6134 | D:4      | Got a crude quarterstaff
  6135 | D:4      | Identified the cursed +0 quarterstaff "Beast's Undoing"
                  | {vorpal, *Contam rF+ rC+ Int+5} (You found it on level 4 of
                  | the Dungeon)
  6432 | D:4      | Found a hide-covered altar of Uskayaw.
  7113 | D:4      | Reached skill level 1 in Axes
  7113 | D:4      | Reached XP level 7. HP: 43/65 MP: 10/13
  7554 | D:5      | Entered Level 5 of the Dungeon
  7574 | D:5      | Reached skill level 1 in Staves
  8283 | D:5      | Found an iron altar of Okawaru.
  8383 | D:5      | Noticed Sigmund
  8440 | D:5      | Killed Sigmund
  8440 | D:5      | Reached XP level 8. HP: 27/74 MP: 7/15
  9156 | D:5      | Noticed Pikel
  9174 | D:5      | Killed Pikel
  9174 | D:5      | Reached skill level 5 in Spellcasting
  9361 | D:5      | Noticed Eustachio
  9373 | D:5      | Killed Eustachio
  9373 | D:5      | Reached skill level 5 in Dodging
  9517 | D:5      | Reached skill level 5 in Air Magic
  9729 | D:6      | Found a staircase to the Ecumenical Temple.
  9746 | Temple   | Entered the Ecumenical Temple
  9818 | Temple   | Became a worshipper of Qazlal Stormbringer
  9868 | D:6      | Reached XP level 9. HP: 24/84 MP: 12/17
 10776 | D:6      | Found Gutatoro's Weapon Shop.
 10779 | D:6      | Bought a cursed +0 broad axe for 14 gold pieces
 10784 | D:6      | Learned a level 2 spell: Searing Ray
 10976 | D:6      | Reached skill level 6 in Spellcasting
 12518 | D:7      | You fall into a shaft and drop 1 floor!
 12693 | D:8      | Learned a level 3 spell: Conjure Flame
 12697 | D:8      | Learned a level 3 spell: Mephitic Cloud
 12735 | D:8      | Reached skill level 7 in Spellcasting
 12938 | D:8      | Found a staircase to the Lair.
 12939 | D:8      | Noticed a komodo dragon
 12973 | D:8      | Killed a komodo dragon
 12973 | D:8      | Reached XP level 10. HP: 22/94 MP: 1/20
 13282 | D:8      | Upgraded the game from 0.25-a0-424-g80bd347ae0 to
                  | 0.25-a0-425-g0e000e855e
 13313 | D:8      | Reached skill level 5 in Fighting
 13347 | D:8      | Noticed Psyche
 13349 | D:8      | Reached * piety under Qazlal
 13369 | D:8      | Killed Psyche
 13651 | D:8      | Learned a level 5 spell: Lightning Bolt
 13747 | D:8      | Noticed Grum
 13790 | D:8      | Slain by Grum

Levels and vault maps discovered:
D:1:      dpeg_arrival_pits, layout_basic
D:2:      layout_basic
D:3:      layout_rooms
D:4:      layout_basic, nicolae_overflow_hidden_temple, first_ration
D:5:      layout_loops_ring, okawaru_metal_pillars_1_2,
          small_statue_intersection, serial_bayou_pond_a, tgw_xom, uniq_pikel,
          uniq_eustachio, uniq_sigmund
D:6:      layout_loops_ring, temple_statues, serial_shops, kennysheep_mini,
          gup_sewer_entry_glass
D:7:      layout_loops_ring, grunt_ogre_cave
D:8:      layout_cave_pods, david_lair_shrubbed, uniq_maggie, uniq_grum,
          uniq_psyche
Temple:   regret_index_temple_mists

Skill      XL: |  1  2  3  4  5  6  7  8  9 10 |
---------------+-------------------------------+-----
Air Magic      | 3 4 5 6 |  6.0
Conjurations   | 1 2 3 4 |  4.8
Spellcasting   | 3 4 5 7 |  7.5
Fighting       | 1 2 3 4 5 |  5.3
Dodging        | 2 3 4 5 6 |  6.4
Stealth        | 2 |  2.0
Maces & Flails | 1 |  1.3
Axes           | 1 |  1.4
Staves         | 2 3 4 |  4.5
Long Blades    | |  0.2
Charms         | |  0.8
Fire Magic     | |  0.1

Action                   |  1- 3 |  4- 6 |  7- 9 | 10-12 || total
-------------------------+-------+-------+-------+-------++-------
Melee: Unarmed           |    22 |       |       |       ||    22
       Short sword       |    17 |       |       |       ||    17
       Club              |    76 |    60 |       |       ||   136
       Hand axe          |       |    47 |       |       ||    47
       Quarterstaff      |       |    21 |   135 |    11 ||   167
       Falchion          |       |    12 |       |       ||    12
       Broad axe         |       |       |     6 |       ||     6
 Cast: Shock             |    60 |    68 |    81 |    12 ||   221
       Static Discharge  |     4 |    12 |    42 |     4 ||    62
       Swiftness         |     2 |     6 |     4 |     1 ||    13
       Searing Ray       |       |       |    32 |     3 ||    35
       Conjure Flame     |       |       |     2 |       ||     2
       Lightning Bolt    |       |       |       |     3 ||     3
       Mephitic Cloud    |       |       |       |     2 ||     2
  Use: Scroll            |       |     3 |     2 |     2 ||     7
       Potion            |       |     1 |     1 |       ||     2
 Stab: Sleeping          |       |       |     1 |       ||     1
  Eat: Ration            |     2 |     1 |     2 |       ||     5
       Chunk             |       |    18 |    17 |     3 ||    38
Armor: Robe              |    43 |    61 |    37 |     5 ||   146
       Skin              |       |     2 |     1 |       ||     3
Dodge: Dodged            |    81 |   122 |   125 |    30 ||   358
       Rpst.: Falchion   |       |     4 |       |       ||     4

Table legend:
 A = Non-vault XP
 B = Vault XP
 C = Vault XP percentage of total XP
 D = Non-vault monster count
 E = Vault monster count
 F = Vault count percentage of total count
                 A         B        C        D         E       F
            +---------+---------+-------+---------+---------+-------
      Total |    3514 |    1928 |  35.4 |     149 |      11 |   6.9
            +---------+---------+-------+---------+---------+-------
        D:1 |      87 |       0 |   0.0 |      26 |       0 |   0.0
        D:2 |     163 |       0 |   0.0 |      24 |       0 |   0.0
        D:3 |     257 |       0 |   0.0 |      25 |       0 |   0.0
        D:4 |     177 |       0 |   0.0 |       9 |       0 |   0.0
        D:5 |     634 |    1003 |  61.3 |      21 |       3 |  12.5
        D:6 |     961 |      43 |   4.3 |      17 |       5 |  22.7
        D:7 |     197 |       0 |   0.0 |       7 |       0 |   0.0
        D:8 |    1038 |     882 |  45.9 |      20 |       3 |  13.0
            +---------+---------+-------+---------+---------+-------
